 Dungeon Crawl Stone Soup version 0.21.1-1-g345015fe64 (webtiles) character file.

704 Fascinator the Magician (level 7, -1/51 HPs)
             Began as a Gnoll Wanderer on July 24, 2018.
             Slain by a killer bee (2 damage)
             ... on level 3 of the Dungeon.
             The game lasted 00:13:34 (3085 turns).

Fascinator the Magician (Gnoll Wanderer)            Turns: 3085, Time: 00:13:34

Health: -1/51      AC:  4    Str: 16    XL:     7   Next: 66%
Magic:  0/18       EV:  8    Int: 17    God:
Gold:   158        SH:  0    Dex: 12    Spells: 6/21 levels left

rFire    . . .     SeeInvis .   g - -2 hunting sling
rCold    . . .     Gourm    .   (no shield)
rNeg     . . .     Faith    .   h - +0 leather armour (curse)
rPois    .         Spirit   .   (no helmet)
rElec    .         Reflect  .   (no cloak)
rCorr    .         Harm     .   (no gloves)
MR       .....                  p - +0 pair of boots
Stlth    ++........             (no amulet)
HPRegen  0.17/turn              q - ring of wizardry
MPRegen  0.16/turn              i - -4 ring of evasion (curse)

@: lethally poisoned (-1 -> -3), very slightly contaminated
A: distributed training, fangs 1, strong nose
a: no special abilities


You were on level 3 of the Dungeon.
You were near starving.

You visited 1 branch of the dungeon, and saw 3 of its levels.
You also visited: Sewer.

You collected 158 gold pieces.

Inventory:

Hand Weapons
 e - a +0 club
 g - a -2 hunting sling (weapon)
Missiles
 k - 21 sling bullets (quivered)
 l - 97 stones
Armour
 d - a +0 robe
 h - a cursed +0 leather armour (worn)
 p - a +0 pair of boots (worn)
Jewellery
 i - a cursed -4 ring of evasion (right hand)
 q - a ring of wizardry (left hand)
 v - a cursed ring of loudness {unknown}
Scrolls
 j - 3 scrolls of teleportation
 m - a scroll of identify
 x - a scroll of remove curse
Potions
 n - a potion of mutation {unknown}
 o - 2 potions of might {unknown}
 r - 2 potions of magic {unknown}
 s - 2 potions of heal wounds {unknown}
 t - 4 potions of flight
 u - a potion of lignification {unknown}
 w - a potion of resistance {unknown}
 z - a potion of invisibility {unknown}
Books
 a - a book of Air

   Spells                             Type                      Level
   a - Shock                          Conjuration/Air              1
   b - Swiftness                      Charms/Air                   2
   c - Static Discharge               Conjuration/Air              3
   d - Airstrike                      Air                          4
   e - Lightning Bolt                 Conjuration/Air              5
 b - the Guide on Contamination

   Spells                             Type                      Level
   a - Sting                          Conjuration/Poison           1
   b - Ignite Poison                  Fire/Transmutation/Poison    3
Comestibles
 f - 5 rations


   Skills:
 + Level 2.6 Fighting
 + Level 2.6 Short Blades
 + Level 2.6 Long Blades
 + Level 2.6 Axes
 + Level 2.6 Maces & Flails
 + Level 2.6 Polearms
 + Level 2.6 Staves
 + Level 2.6 Slings
 + Level 2.6 Bows
 + Level 2.6 Crossbows
 + Level 5.3 Throwing
 + Level 2.6 Armour
 + Level 2.6 Dodging
 + Level 2.6 Stealth
 + Level 2.6 Shields
 + Level 2.6 Unarmed Combat
 + Level 7.6 Spellcasting
 + Level 3.0 Conjurations
 + Level 2.1 Hexes
 + Level 2.1 Charms
 + Level 2.1 Summonings
 + Level 2.1 Necromancy
 + Level 3.0 Translocations
 + Level 2.1 Transmutations
 + Level 2.1 Fire Magic
 + Level 2.1 Ice Magic
 + Level 5.9 Air Magic
 + Level 2.1 Earth Magic
 + Level 2.1 Poison Magic
 + Level 2.9 Invocations
 + Level 2.6 Evocations


You had 6 spell levels left.
You knew the following spells:

 Your Spells              Type           Power        Failure   Level  Hunger
a - Shock                 Conj/Air       ###.         1%          1    None
b - Swiftness             Chrm/Air       ###.....     1%          2    None
c - Static Discharge      Conj/Air       ###.....     2%          3    #......
d - Airstrike             Air            ####......   4%          4    ###....
e - Lightning Bolt        Conj/Air       ###.......   22%         5    #####..


Dungeon Overview and Level Annotations

Branches:
Dungeon (3/15)

Altars:
Nemelex Xobeh


Innate Abilities, Weirdness & Mutations

Your experience applies equally to all skills.
You have very sharp teeth.
Your uncanny sense of smell can sniff out nearby items.


Message History

Firing (i - inventory. (,) - cycle):
k - 23 sling bullets (quivered)
Press: ? - help, Shift-Dir - straight line, f/p - killer bee
Aim: a killer bee (moderately wounded)
You shoot a sling bullet.
The sling bullet barely misses the killer bee.
The sling bullet misses the killer bee.
The sling bullet barely misses the killer bee.
The killer bee stings you.
* * * LOW HITPOINT WARNING * * *
The killer bee barely misses you. The killer bee stings you.
* * * LOW HITPOINT WARNING * * *
Firing (i - inventory. (,) - cycle):
k - 22 sling bullets (quivered)
Press: ? - help, Shift-Dir - straight line, f/p - killer bee
Aim: a killer bee (moderately wounded)
You shoot a sling bullet. The sling bullet misses the killer bee.
The sling bullet hits the killer bee.
The killer bee is lightly wounded.
* * * LOW HITPOINT WARNING * * *
You feel sick. The killer bee stings you.
You die...

≈≈.≈≈♣ ≈≈.≈≈♣
≈≈.≈♣♣ ### P≈.≈♣
#(. P≈.≈♣♣# #.#
≈P.≈♣P## #.#.##y#
P≈.P≈≈≈# #.#.##y#
≈≈.≈PP♣# #.#.##y#
≈≈.≈≈P♣ #.#.##@#
≈≈.≈≈P♣ #.#.##.#
≈≈.≈P≈♣ #.#.##.#
≈≈.≈≈♣# #.#.##.#
#≈.PP# ####.#.##.#
#...## #.........#
#...####.##.#.####
#........#....#
########.#....#


You could see 3 killer bees.

Vanquished Creatures
  Grinder (D:3)
  Sigmund (D:2)
  2 killer bees (D:3)
  An orc priest (D:3)
  A merfolk siren (Sewer)
  A merfolk avatar (Sewer)
  The ghost of bolko the Charmwright, a weakling DsSk (D:3)
  2 river rats (Sewer)
  4 adders
  5 worms
  A dart slug (D:2)
  3 leopard geckos
  3 orcs (D:3)
  3 ball pythons
  6 bats
  2 giant cockroaches (Sewer)
  6 goblins
  7 hobgoblins
  7 jackals (D:1)
  A quokka (D:2)
  8 frilled lizards
  6 kobolds
  31 rats
103 creatures vanquished.

Notes
Turn   | Place    | Note
-------+----------+-------------------------------------------
     0 | D:1      | Fascinator the Gnoll Wanderer began the quest for the Orb.
     0 | D:1      | Fascinator set off with: a book of Air, the Guide on Contamination, a potion of curing, a +0 robe, a +0 club, a ration
     0 | D:1      | Reached XP level 1. HP: 13/13 MP: 8/8
     7 | D:1      | Identified the Guide on Contamination
     9 | D:1      | Learned a level 1 spell: Shock
   158 | D:1      | Reached XP level 2. HP: 19/19 MP: 6/10
   720 | D:2      | Reached XP level 3. HP: 25/25 MP: 5/11
   838 | D:2      | Reached skill level 1 in Invocations
   903 | D:2      | Found a sparkling altar of Nemelex Xobeh.
  1077 | D:2      | Noticed Sigmund
  1086 | D:2      | Killed Sigmund
  1086 | D:2      | Reached skill level 1 in Fighting
  1086 | D:2      | Reached skill level 1 in Short Blades
  1086 | D:2      | Reached skill level 1 in Long Blades
  1086 | D:2      | Reached skill level 1 in Axes
  1086 | D:2      | Reached skill level 1 in Maces & Flails
  1086 | D:2      | Reached skill level 1 in Polearms
  1086 | D:2      | Reached skill level 1 in Staves
  1086 | D:2      | Reached skill level 1 in Slings
  1086 | D:2      | Reached skill level 1 in Bows
  1086 | D:2      | Reached skill level 1 in Crossbows
  1086 | D:2      | Reached skill level 1 in Armour
  1086 | D:2      | Reached skill level 1 in Dodging
  1086 | D:2      | Reached skill level 1 in Stealth
  1086 | D:2      | Reached skill level 1 in Shields
  1086 | D:2      | Reached skill level 1 in Unarmed Combat
  1086 | D:2      | Reached skill level 1 in Hexes
  1086 | D:2      | Reached skill level 1 in Charms
  1086 | D:2      | Reached skill level 1 in Summonings
  1086 | D:2      | Reached skill level 1 in Necromancy
  1086 | D:2      | Reached skill level 1 in Transmutations
  1086 | D:2      | Reached skill level 1 in Fire Magic
  1086 | D:2      | Reached skill level 1 in Ice Magic
  1086 | D:2      | Reached skill level 1 in Earth Magic
  1086 | D:2      | Reached skill level 1 in Poison Magic
  1086 | D:2      | Reached skill level 1 in Evocations
  1086 | D:2      | Reached XP level 4. HP: 7/32 MP: 2/13
  1086 | D:2      | Reached XP level 5. HP: 8/37 MP: 2/14
  1613 | D:2      | Learned a level 2 spell: Swiftness
  1617 | D:2      | Learned a level 3 spell: Static Discharge
  1622 | D:2      | Learned a level 4 spell: Airstrike
  1630 | D:2      | Learned a level 5 spell: Lightning Bolt
  1687 | D:3      | Reached XP level 6. HP: 44/44 MP: 12/16
  2110 | D:3      | Found a glowing drain.
  2130 | Sewer    | Entered a sewer
  2396 | Sewer    | Reached skill level 5 in Throwing
  2832 | D:3      | Noticed Grinder
  2836 | D:3      | Paralysed by Grinder for 6 turns
  2846 | D:3      | Killed Grinder
  2846 | D:3      | Reached XP level 7. HP: 42/51 MP: 2/18
  2981 | D:3      | Noticed bolko's ghost (weakling DsSk)
  2993 | D:3      | Killed bolko's ghost
  3084 | D:3      | HP: 1/51 [killer bee (3)]
  3085 | D:3      | Slain by a killer bee

Skill      XL: |  1  2  3  4  5  6  7 |
---------------+----------------------+-----
Conjurations   | 2 3 |  3.0
Translocations | 2 3 |  3.0
Invocations    | 1 2 |  2.9
Fighting       | 1 2 |  2.6
Short Blades   | 1 2 |  2.6
Long Blades    | 1 2 |  2.6
Axes           | 1 2 |  2.6
Maces & Flails | 1 2 |  2.6
Polearms       | 1 2 |  2.6
Staves         | 1 2 |  2.6
Slings         | 1 2 |  2.6
Bows           | 1 2 |  2.6
Crossbows      | 1 2 |  2.6
Armour         | 1 2 |  2.6
Dodging        | 1 2 |  2.6
Stealth        | 1 2 |  2.6
Shields        | 1 2 |  2.6
Unarmed Combat | 1 2 |  2.6
Hexes          | 1 2 |  2.1
Charms         | 1 2 |  2.1
Summonings     | 1 2 |  2.1
Necromancy     | 1 2 |  2.1
Transmutations | 1 2 |  2.1
Fire Magic     | 1 2 |  2.1
Ice Magic      | 1 2 |  2.1
Earth Magic    | 1 2 |  2.1
Poison Magic   | 1 2 |  2.1
Evocations     | 1 2 |  2.6
Throwing       | 5 |  5.3
Spellcasting   | |  7.6
Air Magic      | |  5.9

Action                   |  1- 3 |  4- 6 |  7- 9 || total
-------------------------+-------+-------+-------++-------
 Fire: Hunting sling     |    14 |       |     8 ||    22
 Cast: Shock             |    67 |   110 |    21 ||   198
       Static Discharge  |       |     3 |     7 ||    10
  Use: Scroll            |       |     4 |       ||     4
       Potion            |       |       |     1 ||     1
  Eat: Chunk             |       |     5 |       ||     5
Armor: Robe              |    14 |       |       ||    14
       Leather armour    |       |     3 |     4 ||     7
Dodge: Dodged            |    18 |     3 |    12 ||    33
